 Dungeon Crawl Stone Soup version 0.30-a0-778-g2ef04afb54 (webtiles) character file.

Game seed: 18228347861069430988

67446 mandoloar the Eclecticist (level 14, -17/86 HPs)
             Began as a Deep Elf Conjurer on Feb 15, 2023.
             Was an Elder of Vehumet.
             Killed from afar by Frances (26 damage)
             ... with a shard of ice
             ... on level 13 of the Dungeon on Feb 16, 2023.
             The game lasted 01:46:19 (36474 turns).

mandoloar the Eclecticist (Deep Elf Conjurer)      Turns: 36474, Time: 01:46:20

Health: -17/86     AC: 15    Str:  4    XL:     14   Next: 83%
Magic:  2/36       EV: 14    Int: 32    God:    Vehumet [****..]
Gold:   1502       SH:  5    Dex: 13    Spells: 13/45 levels left

rFire   . . .      SeeInvis .    a - +8 falchion of the Tiger {heavy, Fragile Fly rElec Int+3}
rCold   . . .      Faith    .    e - +0 buckler
rNeg    . . .      Spirit   .    u - +0 acid dragon scales
rPois   +          Reflect  .    D - +0 helmet
rElec   +          Harm     .    R - scarf {repulsion}
rCorr   +          Rampage  .    A - +2 pair of gloves
Will    +....                    I - +0 pair of boots
Stlth   +++                      (no amulet)
HPRegen 0.34/turn                m - +4 ring of protection
MPRegen 0.25/turn                s - ring of poison resistance

@: flying, repel missiles
A: no striking features
a: Renounce Religion


You were on level 13 of the Dungeon.
You worshipped Vehumet.
Vehumet was greatly pleased with you.
You visited 3 branches of the dungeon, and saw 19 of its levels.

You collected 1502 gold pieces.

Inventory:

Hand Weapons
 a - the +8 falchion of the Tiger (weapon) {heavy, Fragile Fly rElec Int+3}
   (You found it on level 8 of the Dungeon)

   Int:       It affects your intelligence (+3).
   rElec:     It insulates you from electricity.
   Fly:       It grants you flight.
   Fragile:   It will be destroyed if unequipped.
 b - a +2 rapier of flaming
Missiles
 F - 43 poisoned darts
Armour
 e - a +0 buckler (worn)
 u - +0 acid dragon scales (worn)
 A - a +2 pair of gloves (worn)
 D - a +0 helmet (worn)
 I - a +0 pair of boots (worn)
 L - +0 swamp dragon scales
 R - a scarf of repulsion (worn)
Jewellery
 m - a +4 ring of protection (left hand)
 s - a ring of poison resistance (right hand)
 H - a ring of see invisible
Wands
 n - a wand of digging (5)
 r - a wand of polymorph (12)
 v - a wand of paralysis (37)
 B - a wand of iceblast (18)
 C - a wand of flame (30)
 K - a wand of light (6)
Scrolls
 g - a scroll of amnesia
 h - 2 scrolls of silence
 i - 3 scrolls of blinking
 j - 5 scrolls of fog
 o - a scroll of summoning
 q - a scroll of enchant weapon
 w - 3 scrolls of vulnerability
 y - 2 scrolls of magic mapping
 G - 5 scrolls of poison
 M - 5 scrolls of teleportation
 P - a scroll of torment {unknown}
 Q - 3 scrolls of fear
 S - 2 scrolls of identify
Potions
 c - a potion of cancellation
 d - 2 potions of flight
 f - 7 potions of lignification
 k - 4 potions of heal wounds
 l - 2 potions of magic
 p - 4 potions of haste
 t - 4 potions of mutation
 x - 9 potions of curing
 z - 3 potions of ambrosia
 E - 12 potions of brilliance
 J - 2 potions of attraction
 N - a potion of berserk rage {unknown}
 O - a potion of resistance {unknown}


   Skills:
 + Level 9.4 Fighting
 + Level 13.4 Dodging
 - Level 7.0 Stealth
 - Level 5.0 Shields
 + Level 16.1 Spellcasting
 + Level 14.1 Conjurations
 - Level 7.0 Hexes
 - Level 7.0 Translocations
 + Level 7.2 Fire Magic


You had 13 spell levels left.
You knew the following spells:

 Your Spells              Type           Power      Damage    Failure   Level
a - Magic Dart            Conj           100%       1d8       0%          1
b - Searing Ray           Conj           100%       2d8       0%          2
c - Fulminant Prism       Conj/Hex       38%        3d17      1%          4
d - Iskenderun's Mystic   Conj/Tloc      76%        2d15      1%          4
e - Tukima's Dance        Hex            63%        N/A       1%          3
f - Yara's Violent Unrav  Hex/Tmut       24%        3d11      10%         5
g - Ignition              Fire           32%        3d10      98%         8
h - Fireball              Conj/Fire      38%        3d16      1%          5

Your spell library contained the following spells:

 Spells                   Type           Power      Damage    Failure   Level
 Lightning Bolt           Conj/Air       31%        1d48      2%          5
 Apportation              Tloc           100%       N/A       1%          1
 Foxfire                  Conj/Fire      100%       2x1d9     1%          1
 Slow                     Hex            100%       N/A       1%          1
 Blink                    Tloc           100%       N/A       1%          2
 Confusing Touch          Hex            63%        N/A       1%          3
 Dazzling Flash           Conj/Hex       100%       N/A       1%          3
 Gell's Gravitas          Tloc           63%        N/A       1%          3
 Inner Flame              Hex/Fire       64%        N/A       1%          3
 Mephitic Cloud           Conj/Pois/Air  54%        N/A       1%          3
 Teleport Other           Tloc           63%        N/A       1%          3
 Flame Wave               Conj/Fire      76%        2d17      1%          4
 Sticky Flame             Conj/Fire      76%        2d9       1%          4
 Poisonous Vapours        Pois/Air       50%        N/A       2%          2
 Irradiate                Conj/Tmut      31%        3d22      2%          5
 Cause Fear               Hex            31%        N/A       3%          4
 Manifold Assault         Tloc           63%        N/A       3%          4
 Sting                    Tmut/Pois      100%       1d8       5%          1
 Call Imp                 Summ           25%        N/A       8%          2
 Cigotuvi's Dreadful Rot  Necr/Pois/Air  50%        N/A       8%          2
 Sublimation of Blood     Necr           25%        N/A       8%          2
 Conjure Ball Lightning   Conj/Air       31%        3x3d10    12%         6
 Olgreb's Toxic Radiance  Pois           25%        N/A       13%         4
 Vampiric Draining        Necr           25%        2d7       16%         3
 Metabolic Englaciation   Hex/Ice        24%        N/A       34%         5
 Dispersal                Tloc           31%        N/A       41%         6
 Animate Dead             Necr           25%        N/A       45%         4
 Petrify                  Tmut/Erth      25%        N/A       45%         4
 Alistair's Intoxication  Tmut/Pois      16%        N/A       82%         5
 Eringya's Noxious Bog    Tmut/Pois      12%        N/A       86%         6
 Haunt                    Necr/Summ      12%        N/A       100%        7
 Malign Gateway           Summ/Tloc      24%        N/A       100%        7
 Ozocubu's Refrigeration  Ice            12%        4d10      100%        7
 Storm Form               Tmut/Air       12%        N/A       100%        7
 Discord                  Hex            31%        N/A       100%        8
 Disjunction              Tloc           31%        N/A       100%        8
 Infestation              Necr           12%        N/A       100%        8
 Summon Horrible Things   Summ           12%        N/A       100%        8


Dungeon Overview and Level Annotations

Branches:
Dungeon (13/15)            Temple (1/1) D:4            Lair (5/5) D:11
  Swamp (0/4) Lair:2        Snake (0/4) Lair:3        Slime (0/5) Lair:5
    Orc (0/2) D:11
 Vaults: D:13-14

Altars:
Ashenzari
Cheibriados
Dithmenos
Elyvilon
Fedhas
Gozag
Hepliaklqana
Kikubaaqudgha
Makhleb
Nemelex Xobeh
Okawaru
Qazlal
Ru
Sif Muna
Trog
Uskayaw
Vehumet
Wu Jian
Xom
Yredelemnul
Zin
The Shining One
Jiyva

Shops:
D:4 :   D:8 *   D:10 *

Annotations:
D:13 Frances


Message History

The mystic blast hits the ironbound preserver!
The ironbound preserver is heavily wounded.
The ironbound preserver is knocked back by the mystic blast.
The ironbound preserver attacks as you move away!
The ironbound preserver hits you with a +0 morningstar!
Casting: Iskenderun's Mystic Blast (safe; 1% risk of failure)
Confirm with . or Enter, or press ? or * to list all spells.
You erupt in a blast of force!
The mystic blast hits the ironbound preserver!
The ironbound preserver is heavily wounded.
The ironbound preserver hits you with a +0 morningstar!!
The ironbound preserver attacks as you move away!
The ironbound preserver hits you with a +0 morningstar!
Casting: Iskenderun's Mystic Blast (safe; 1% risk of failure)
Confirm with . or Enter, or press ? or * to list all spells.
You erupt in a blast of force!
The mystic blast hits the ironbound preserver!!
The ironbound preserver is severely wounded.
The ironbound preserver casts a spell.
The ironbound preserver is healed somewhat.
Your magical contamination has completely faded away.
There is a stone staircase leading down here.
Casting: Iskenderun's Mystic Blast (safe; 1% risk of failure)
Confirm with . or Enter, or press ? or * to list all spells.
You erupt in a blast of force!
The mystic blast hits the ironbound preserver.
The ironbound preserver is severely wounded.
You hear a shout!
The ironbound preserver gestures wildly while chanting.
The ironbound preserver is healed somewhat.
The ironbound preserver attacks as you move away!
The ironbound preserver hits you with a +0 morningstar!!
* * * LOW HITPOINT WARNING * * *
You feel much better.
The ironbound preserver hits you with a +0 morningstar!!
* * * LOW HITPOINT WARNING * * *
Frances shouts!
Frances chants phrases taken from a devil's mouth.
The shard of ice hits you!!
You die...

##.#.#######.##....3##..##
#...>...@............#..#
#..#.#######.##......#..#
#.##.# #.###...#.#... #*
#.# #.# ##.##.#.#.# . #.#
#.# #@# .#.#^#
...##.#######.####.# ...#.#
##............#....###..#.#
#.##########.#.@.......†.#
####.p÷.[.###.....
#..........# ###
#..#.##.##.# #
##.###.#.##.#
####.####..####..##.#
.................##.#
####.####..####.###.# #
##.###.## #.#


You could see Frances and an ironbound preserver.

Vanquished Creatures
  7 hydras
  A centaur warrior (D:11)
  A death knight (D:11)
  5 two-headed ogres
  4 death yaks
  Urug (D:13)
  Sonja (Lair:4)
  4 skeletal warriors (D:11)
  5 skysharks
  A goliath frog (Lair:5)
  A lindwurm (Lair:4)
  A swamp dragon (Lair:2)
  An ugly thing (D:12)
  2 oklob plants (Lair:2)
  3 manticores
  3 cyclopes (D:11)
  5 black mambas
  4 elephants (Lair:3)
  3 gargoyles
  18 cane toads
  3 rime drakes
  An unseen horror (D:11)
  A kobold demonologist (D:10)
  8 komodo dragons
  2 efreet
  8 trolls
  3 tyrant leeches (Lair:5)
  33 blink frogs
  2 hornets
  17 dream sheep
  A slime creature (D:11)
  3 vampires
  A wraith (D:11)
  3 shadows
  A centaur simulacrum (D:11)
  48 yaks
  A dancing weapon (D:11)
  7 wyverns
  Eustachio (D:6)
  4 basilisks
  7 vampire mosquitoes
  3 nagas (Lair:3)
  20 water moccasins
  5 acid dragons
  6 black bears
  7 orc warriors
  3 ogres
  18 wolves
  4 phantoms (D:4)
  4 kobold brigands
  Blork the orc (D:6)
  A gnoll sergeant (D:5)
  20 bullfrogs
  2 scorpions
  6 wights
  16 killer bees
  An electric eel (Lair:5)
  5 howler monkeys
  A centaur zombie (D:4)
  6 orc priests
  7 jellies
  Natasha (thrice) (D:2)
  5 hounds
  Terence (D:2)
  6 iguanas
  7 orc wizards
  A hell rat (D:11)
  A statue (D:6)
  A hound zombie (D:4)
  A hound skeleton (D:4)
  Robin (D:4)
  5 adders
  13 gnolls
  2 river rats (D:11)
  A shadow imp (D:5)
  A white imp (D:5)
  An ufetubus (D:4)
  An adder skeleton (D:4)
  An adder zombie (D:4)
  A worm (D:4)
  61 orcs
  2 bats
  2 endoplasms (D:1)
  6 giant cockroaches
  8 goblins
  10 hobgoblins
  3 jackals (D:1)
  15 kobolds
  5 quokkas
  4 ball pythons
  2 frilled lizards
  A jackal skeleton (D:4)
  7 rats
  A bush (Lair:5)
542 creatures vanquished.

Vanquished Creatures (collateral kills)
  3 wights
3 creatures vanquished.

Vanquished Creatures (others)
  A wizard (D:7)
  An ugly thing (D:11)
  A dancing weapon (D:7)
  424 fulminant prisms
  61 fungi
  152 plants
  3 withered plants (D:4)
643 creatures vanquished.

Grand Total: 1188 creatures vanquished

Notes
Turn   | Place    | Note
-------+----------+-------------------------------------------
     0 | D:1      | mandoloar the Deep Elf Conjurer began the quest for the
                  | Orb.
     0 | D:1      | Reached XP level 1. HP: 10/10 MP: 6/6
   111 | D:1      | Got the Parchment of the Assassin and Doom
   126 | D:1      | Reached XP level 2. HP: 15/15 MP: 4/8
   205 | D:1      | Learned a level 2 spell: Searing Ray
   283 | D:1      | Found a faded altar of an unknown god.
  1024 | D:2      | Noticed Terence
  1036 | D:2      | Killed Terence
  1037 | D:2      | Reached skill level 4 in Spellcasting
  1037 | D:2      | Reached skill level 5 in Conjurations
  1037 | D:2      | Reached XP level 3. HP: 19/19 MP: 3/10
  1290 | D:2      | Found a sacrificial altar of Ru.
  1383 | D:2      | Noticed Natasha
  1393 | D:2      | Killed Natasha
  1394 | D:2      | Reached XP level 4. HP: 11/24 MP: 0/12
  1491 | D:2      | Learned a level 4 spell: Fulminant Prism
  1496 | D:2      | Learned a level 4 spell: Iskenderun's Mystic Blast
  1654 | D:2      | Noticed Natasha
  1664 | D:2      | Killed Natasha
  1665 | D:2      | Reached skill level 5 in Spellcasting
  1752 | D:2      | Noticed Natasha
  1771 | D:2      | Killed Natasha
  1877 | D:5      | Entered Level 5 of the Dungeon
  1980 | D:3      | Got the Grimoire of Molten Putrescence
  2079 | D:3      | Reached XP level 5. HP: 28/28 MP: 10/14
  2639 | D:3      | Noticed an ogre
  2665 | D:3      | Killed an ogre
  2666 | D:3      | Reached skill level 6 in Spellcasting
  3107 | D:4      | Found Temo's Book Shoppe.
  3154 | D:4      | Noticed an ogre
  3160 | D:4      | Killed an ogre
  3161 | D:4      | Reached skill level 1 in Hexes
  3161 | D:4      | Reached skill level 1 in Translocations
  3161 | D:4      | Reached XP level 6. HP: 32/32 MP: 9/17
  3343 | D:4      | Found a staircase to the Ecumenical Temple.
  3348 | Temple   | Entered the Ecumenical Temple
  4396 | D:4      | Reached XP level 7. HP: 36/36 MP: 13/19
  4402 | D:4      | Noticed a yak
  4410 | D:4      | Noticed Robin
  4411 | D:4      | Killed Robin
  4677 | D:4      | Noticed a yak
  4679 | D:4      | Noticed a yak
  4679 | D:4      | Noticed a yak
  4680 | D:4      | Noticed a yak
  4680 | D:4      | Noticed a yak
  4895 | D:4      | Killed a yak
  4896 | D:4      | Reached skill level 7 in Spellcasting
  5068 | D:4      | Killed a yak
  5070 | D:4      | Killed a yak
  5395 | D:4      | Reached XP level 8. HP: 41/41 MP: 14/21
  6106 | D:4      | Reached skill level 8 in Spellcasting
  6219 | D:4      | Identified the +3 ring mail "Kaovel" {rF+ Regen+}
  6369 | D:5      | Found an opulent altar of Gozag.
  6429 | D:5      | Found a shimmering altar of Xom.
  6669 | D:5      | Reached skill level 1 in Fighting
  6776 | D:5      | Reached skill level 5 in Hexes
  7154 | D:5      | Noticed a +0 dagger
  7155 | D:5      | Noticed a +0 short sword
  7183 | D:5      | Noticed a +0 spear
  7183 | D:5      | Noticed a +0 spear
  7184 | D:5      | Noticed a +0 short sword
  7185 | D:5      | Noticed a +0 falchion
  7186 | D:5      | Noticed a +0 dagger
  7187 | D:5      | Noticed a +0 falchion
  7646 | D:5      | Found a hide-covered altar of Uskayaw.
  8121 | D:6      | Found a white marble altar of Elyvilon.
  8169 | D:6      | Noticed Eustachio
  8411 | D:6      | Killed Eustachio
  8555 | D:6      | Found a radiant altar of Vehumet.
  8568 | D:6      | Became a worshipper of Vehumet
  8747 | D:6      | Noticed a two-headed ogre
  8845 | D:6      | Killed a two-headed ogre
  8846 | D:6      | Reached skill level 5 in Translocations
  8846 | D:6      | Reached XP level 9. HP: 49/49 MP: 5/23
  9308 | D:6      | Noticed Blork the orc
  9318 | D:6      | Killed Blork the orc
  9394 | D:6      | Reached skill level 5 in Stealth
  9394 | D:6      | Reached skill level 9 in Spellcasting
  9825 | D:7      | Found a sacrificial altar of Ru.
 10253 | D:7      | Reached skill level 5 in Dodging
 10358 | D:7      | Learned a level 3 spell: Tukima's Dance
 10401 | D:7      | Reached * piety under Vehumet
 10401 | D:7      | Offered knowledge of Kiss of Death by Vehumet.
 10456 | D:7      | Found a bloodstained altar of Trog.
 10542 | D:7      | Noticed a wizard
 10547 | D:7      | Killed a wizard
 10934 | D:7      | Noticed a two-headed ogre
 10949 | D:7      | Killed a two-headed ogre
 10950 | D:7      | Reached skill level 1 in Shields
 10950 | D:7      | Reached XP level 10. HP: 56/56 MP: 25/25
 11063 | D:7      | Found a broken altar of Ashenzari.
 12149 | D:8      | Found an iron altar of Okawaru.
 12155 | D:8      | Identified the +8 falchion of the Tiger {heavy, Fragile Fly
                  | rElec Int+3}
 12214 | D:8      | Found a sparkling altar of Nemelex Xobeh.
 13149 | D:8      | Found Ugaeb's Elemental Accessories.
 13296 | D:8      | Found a burning altar of Makhleb.
 13605 | D:9      | Reached ** piety under Vehumet
 13606 | D:9      | Offered knowledge of Sandblast by Vehumet.
 13725 | D:9      | Reached skill level 10 in Spellcasting
 14331 | D:9      | Offered knowledge of Stone Arrow by Vehumet.
 15029 | D:8      | Reached *** piety under Vehumet
 16237 | D:10     | Entered Level 10 of the Dungeon
 16355 | D:10     | Reached XP level 11. HP: 60/61 MP: 16/27
 16663 | D:10     | Noticed a two-headed ogre
 16675 | D:10     | Killed a two-headed ogre
 16888 | D:10     | Found Ritiwer's Changing Room.
 17088 | D:10     | Found an ornate altar of the Wu Jian Council.
 17239 | D:10     | Offered knowledge of Airstrike by Vehumet.
 17240 | D:10     | Reached skill level 11 in Spellcasting
 17737 | D:10     | Reached skill level 10 in Conjurations
 18175 | D:10     | Found a hazy altar of Hepliaklqana.
 18252 | D:11     | Reached skill level 5 in Fighting
 18489 | D:11     | Noticed a death knight
 18715 | D:11     | Reached **** piety under Vehumet
 18949 | D:11     | Killed a death knight
 19261 | D:11     | Killed a white ugly thing
 19376 | D:11     | Offered knowledge of Fireball by Vehumet.
 19406 | D:11     | Noticed a skeletal warrior
 19861 | D:11     | Reached skill level 12 in Spellcasting
 19868 | D:11     | Noticed a two-headed ogre
 19883 | D:11     | Killed a two-headed ogre
 19884 | D:11     | Reached XP level 12. HP: 48/69 MP: 14/30
 20014 | D:11     | Reached skill level 5 in Shields
 20928 | D:11     | Found a staircase to the Lair.
 20928 | D:11     | Noticed a death yak
 20942 | D:11     | Noticed a death yak
 20978 | D:11     | Killed a death yak
 21166 | D:11     | Noticed a death yak
 21183 | D:11     | Killed a death yak
 21215 | D:11     | Killed a death yak
 21474 | D:11     | Noticed a seven-headed hydra
 21484 | D:11     | Killed a seven-headed hydra
 21485 | D:11     | Reached skill level 10 in Dodging
 21485 | D:11     | Reached skill level 13 in Spellcasting
 21821 | D:11     | Found a staircase to the Orcish Mines.
 21932 | D:11     | Noticed a centaur warrior
 21941 | D:11     | Killed a centaur warrior
 22790 | D:11     | Got Yfruraitz's Incunabulum of Contaminants
 22794 | D:11     | Got the Directory of Enchantment
 22798 | D:11     | Got Gloorx Vloq's Vademecum on Intoxicating Sciomancy
 23441 | Lair:1   | Entered Level 1 of the Lair of Beasts
 23441 | Lair:1   | Noticed an eight-headed hydra
 23454 | Lair:1   | Killed an eight-headed hydra
 23704 | Lair:1   | Learned a level 5 spell: Yara's Violent Unravelling
 24125 | Lair:1   | Reached XP level 13. HP: 76/76 MP: 21/32
 24615 | Lair:1   | Learned a level 8 spell: Ignition
 25011 | Lair:2   | Reached skill level 1 in Fire Magic
 25037 | Lair:2   | Reached skill level 14 in Spellcasting
 25882 | Lair:2   | Found a blossoming altar of Fedhas.
 26074 | Lair:2   | Learned a level 5 spell: Fireball
 26406 | Lair:2   | Found a staircase to the Swamp.
 26947 | Lair:3   | Reached ***** piety under Vehumet
 26951 | Lair:3   | Offered knowledge of Lee's Rapid Deconstruction by Vehumet.
 28599 | Lair:3   | Identified the +0 scale mail of the Vaults {-Tele rF+
                  | Will++ rCorr}
 28618 | Lair:3   | Found a staircase to the Snake Pit.
 28965 | Lair:3   | Reached skill level 15 in Spellcasting
 28965 | Lair:3   | Reached skill level 5 in Fire Magic
 28971 | Lair:3   | Reached XP level 14. HP: 84/84 MP: 27/35
 30246 | Lair:4   | Noticed Sonja
 30254 | Lair:4   | Killed Sonja
 30834 | Lair:5   | Entered Level 5 of the Lair of Beasts
 33291 | Lair:5   | Offered knowledge of Lightning Bolt by Vehumet.
 33753 | Lair:5   | Found a staircase to the Slime Pits.
 33757 | Lair:5   | Found a viscous altar of Jiyva.
 34075 | Lair:5   | Reached skill level 16 in Spellcasting
 35479 | D:13     | Noticed Urug
 35490 | D:13     | Killed Urug
 35655 | D:13     | Noticed Frances
 36454 | D:13     | Noticed an ironbound preserver
 36474 | D:13     | Killed from afar by Frances

Illustrated notes

Levels and vault maps discovered:
D:1:      scummos_arrival_simple_crosswalls, layout_basic,
          basic_ecumenical_altar
D:2:      layout_loops_ring, basic_altar, uniq_natasha, uniq_terence
D:3:      layout_loops_ring, minmay_fountain_box, chequers_big_river
D:4:      layout_loops_corners, temple_doors_ab, serial_undead, serial_undead_f,
          serial_undead_a, serial_undead_d, serial_undead_e, serial_undead_e,
          serial_shops, nicolae_stop_n_shop_1, nicolae_grassy_gnolls, uniq_robin
D:5:      layout_layer_cave, grunt_gozag_breadcrumbs,
          nicolae_overflow_crystal_walls, nicolae_uskayaw_en_pointe,
          chequers_serial_rivers_micro_c
D:6:      layout_basic, vehumet_statue, mainiacjoe_overflow_paths,
          uniq_eustachio, uniq_blork_the_orc
D:7:      layout_gridville, mainiacjoe_overflow_24_doors, trog_wizard,
          ashenzari_conservatory_becter
D:8:      layout_basic, okawaru_ov_weapons_minmay, nemelex_altar_shiori,
          mainiacjoe_overflow_surrounded_room, nicolae_elemental_shop
D:9:      layout_roguey [special_room_orc], hangedman_abyss_or_decor_passed,
          grunt_decor_arrowhead
D:10:     minmay_octagon_keep, layout_cave_pods, nzn_hepliaklqana_mist_gate,
          kennysheep_little_box, nrook_loot_triangle,
          nicolae_transmutations_shop, grunt_ministairs_14
D:11:     minmay_the_grid_square_5x5_3x3 [minmay_the_grid_square_5x5_forky,
          minmay_the_grid_square_5x5_minivault,
          minmay_the_grid_square_5x5_dogpile,
          minmay_the_grid_square_5x5_sharp_hourglass,
          minmay_the_grid_square_5x5_megaprize_crossed,
          minmay_the_grid_square_5x5_comb, minmay_the_grid_square_5x5_tie,
          minmay_the_grid_square_5x5_half_checkered,
          minmay_the_grid_square_5x5_three], layout_loops_ring,
          dpeg_lair_monsters
D:12:     layout_irregular_city
D:13:     layout_loops_ring, skrybe_vaults_entry_preservation,
          nicolae_wu_jian_immortal_techniques, uniq_snorg, uniq_urug,
          uniq_lodul, uniq_frances
Temple:   jpeg_temple_island
Lair:1:   layout_loops_ring
Lair:2:   layout_misc_corridors, minmay_swamp_entry_reptiles,
          hangedman_tree_tricks
Lair:3:   nzn_winding_woodlands_stair_cross [nzn_winding_woodlands_5x15_twine,
          nzn_winding_woodlands_center_garden,
          nzn_winding_woodlands_5x15_sawtooth,
          nzn_winding_woodlands_5x5_checkerboard,
          nzn_winding_woodlands_5x5_closed_star,
          nzn_winding_woodlands_5x15_sidewinder,
          nzn_winding_woodlands_center_diamonds,
          nzn_winding_woodlands_5x15_split_checker], layout_regular_city,
          nicolae_snake_entry_squirm
Lair:4:   layout_regular_city, grunt_megastairs_2, uniq_sonja
Lair:5:   minmay_lair_end_frog_pond, layout_layer_cave,
          nicolae_slime_entry_field_trip, fungi_pond_lemuel

Skill      XL: |  1  2  3  4  5  6  7  8  9 10 11 12 13 14 |
---------------+-------------------------------------------+-----
Spellcasting   | 4 5 6 7 8 9 10 12 13 15 16 | 16.1
Conjurations   | 5 6 7 8 9 10 12 13 14 | 14.1
Hexes          | 1 2 4 6 7 |  7.0
Translocations | 1 2 3 5 7 |  7.0
Stealth        | 4 6 7 |  7.0
Dodging        | 4 5 7 8 10 12 13 | 13.4
Fighting       | 2 3 4 5 7 8 9 |  9.4
Shields        | 1 3 4 5 |  5.0
Fire Magic     | 5 7 |  7.2

Action                     |  1- 3 |  4- 6 |  7- 9 | 10-12 | 13-15 || total
---------------------------+-------+-------+-------+-------+-------++-------
  Melee: Short sword       |       |       |     2 |       |       ||     2
         Falchion          |       |       |       |     1 |     1 ||     2
   Cast: Magic Dart        |    34 |    76 |    91 |    44 |     7 ||   252
         Searing Ray       |     4 |    14 |     3 |     2 |       ||    23
         Fulminant Prism   |       |       |    80 |   198 |   147 ||   425
         Iskenderun's Myst |       |       |    13 |    95 |    87 ||   195
         Tukima's Dance    |       |       |     3 |    12 |     1 ||    16
         Fireball          |       |       |       |       |   137 ||   137
    Use: Potion            |       |       |     1 |     1 |     1 ||     3
         Scroll            |       |       |       |    18 |     8 ||    26
 Armour: Robe              |     1 |     8 |     7 |    10 |       ||    26
         Acid dragon scale |       |       |       |    16 |    40 ||    56
  Dodge: Dodged            |       |    14 |    28 |    90 |    62 ||   194
  Block: Buckler           |       |       |     1 |    24 |    20 ||    45

Table legend: (Time is in decaauts)
 A = Elapsed time spent in this place.
 B = Non-inter-level travel time spent in this place.
 C = Inter-level travel time spent in this place.
 D = Time resting spent in this place.
 E = Time spent auto-exploring this place.
 F = Levels seen in this place.
 G = Mean time per level.
                   A        B        C        D        E       F      G
               +--------+--------+--------+--------+--------+-----+--------+
         Total |  36622 |  34899 |   1723 |  17465 |  12931 |  19 | 1927.5 |
       Dungeon |  25393 |  23999 |   1394 |  11724 |   9122 |  13 | 1953.3 |
        Temple |    285 |    279 |      6 |      0 |    274 |   1 |  285.0 |
          Lair |  10943 |  10622 |    321 |   5741 |   3535 |   5 | 2188.6 |
               +--------+--------+--------+--------+--------+-----+--------+

Top non-repeatable levels by time:
    D:11: 3868 daAuts
    D:10: 3242 daAuts
  Lair:3: 2773 daAuts
     D:4: 2614 daAuts
  Lair:4: 2605 daAuts
     D:8: 2489 daAuts
     D:7: 2283 daAuts
  Lair:5: 2217 daAuts
     D:3: 1983 daAuts
     D:5: 1861 daAuts
     D:6: 1848 daAuts
  Lair:2: 1836 daAuts
  Lair:1: 1509 daAuts
     D:9: 1433 daAuts
    D:12: 1149 daAuts
